AA
BLOOMINGTON CARDINALS @ SAN DIEGO DOLPHINS
05/18/2060
 
TOP OF THE 1ST
Bloomington Cardinals batting - Pitching for San Diego Dolphins : RHP Cole Hollingsworth
Pitching: RHP Cole Hollingsworth
Batting: RHB Davey Eastman 0-0: Swinging Strike
0-1: Ball
1-1: Swinging Strike
1-2: Strikes out looking
Batting: SHB Wade Carter 0-0: Foul Ball, location: 2F
0-1: Reached on error, E4 (Groundball, 4, EV 108.1 MPH)
Batting: RHB Marlon Anderson 0-0: Fly out, F8 (Flyball, 89D, EV 105.0 MPH)
Batting: LHB Andy O'Bryan 0-0: Ball
1-0: Ball
2-0: SINGLE (Groundball, 34D, EV 101.2 MPH)
Wade Carter to third
Runner from 3rd tries for Home, SAFE, throw by RF to home
Batting: LHB Kendall Loflin 0-0: Foul Ball, location: 2F
0-1: Ball
1-1: Ball
2-1: Ball
3-1: Base on Balls
Andy O'Bryan to second
Batting: RHB Mackey Tapia 0-0: Called Strike
0-1: Ball
1-1: Called Strike
1-2: SINGLE (Line Drive, 4MD, EV 94.4 MPH)
Andy O'Bryan to third
Kendall Loflin to second
Batting: RHB Thomas Anderson 0-0: Ball
1-0: SINGLE (Groundball, 6MD, EV 100.0 MPH)
Andy O'Bryan scores
Kendall Loflin to third
Mackey Tapia to second
Runner from 3rd tries for Home, SAFE, throw by CF to home
Batting: SHB Weston Borron 0-0: Ball
1-0: Called Strike
1-1: Called Strike
1-2: Ball
2-2: Foul Ball, location: 2F
2-2: Strikes out looking
Top of the 1st over - 3 runs, 3 hits, 1 error, 2 left on base; Bloomington 3 - San Diego 0
BOTTOM OF THE 1ST
San Diego Dolphins batting - Pitching for Bloomington Cardinals : RHP Adair Lunsford
Pitching: RHP Adair Lunsford
Batting: RHB John Williams 0-0: Ball
1-0: Swinging Strike
1-1: Swinging Strike
1-2: Hit by Pitch
Batting: RHB Hunter Cooper 0-0: Ball
1-0: Ball
2-0: Grounds into double play, 5-4-3 (Groundball, 56S, EV 93.8 MPH)
Batting: RHB Gage Haislip 0-0: Ball
1-0: Called Strike
1-1: Ball
2-1: Foul Ball, location: 2F
2-2: Strikes out swinging
Bottom of the 1st over - 0 runs, 0 hits, 0 errors, 0 left on base; Bloomington 3 - San Diego 0
TOP OF THE 2ND
Bloomington Cardinals batting - Pitching for San Diego Dolphins : RHP Cole Hollingsworth
Batting: RHB Derrick Shannon 0-0: Ground out 5-3 (Groundball, 56, EV 106.9 MPH)
Batting: RHB Davey Eastman 0-0: Ball
1-0: Called Strike
1-1: Foul Ball, location: 2F
1-2: Foul Ball, location: 2F
1-2: Fly out, F8 (Flyball, 78D, EV 91.2 MPH)
Batting: SHB Wade Carter 0-0: DOUBLE (Flyball, 8LXD, EV 98.1 MPH)
Batting: RHB Marlon Anderson 0-0: SINGLE (Groundball, 6MD, EV 101.9 MPH)
Wade Carter to third
Runner from 3rd tries for Home, SAFE, throw by CF to home
Batting: LHB Andy O'Bryan 0-0: Foul Ball, location: 2F
0-1: Ball
1-1: SINGLE (Line Drive, 6D, EV 102.5 MPH)
Marlon Anderson to second
Batting: LHB Kendall Loflin 0-0: Ball
1-0: Called Strike
1-1: Called Strike
1-2: Foul Ball, location: 2F
1-2: Foul Ball, location: 2F
1-2: Ball
2-2: Fly out, F4 (Line Drive, 4, EV 70.0 MPH)
Top of the 2nd over - 1 run, 3 hits, 0 errors, 2 left on base; Bloomington 4 - San Diego 0
BOTTOM OF THE 2ND
San Diego Dolphins batting - Pitching for Bloomington Cardinals : RHP Adair Lunsford
Batting: RHB Cole Segal 0-0: Ball
1-0: Called Strike
1-1: Swinging Strike
1-2: Strikes out swinging
Batting: RHB Keyshawn Murata 0-0: Swinging Strike
0-1: Called Strike
0-2: Ball
1-2: Ball
2-2: Strikes out swinging
Batting: LHB Alec Akers 0-0: Ball
1-0: Ball
2-0: Foul Ball, location: 2F
2-1: Foul Ball, location: 2F
2-2: Fly out, F9 (Flyball, 9, EV 95.0 MPH)
Bottom of the 2nd over - 0 runs, 0 hits, 0 errors, 0 left on base; Bloomington 4 - San Diego 0
TOP OF THE 3RD
Bloomington Cardinals batting - Pitching for San Diego Dolphins : RHP Cole Hollingsworth
Batting: RHB Mackey Tapia 0-0: Ball
1-0: Ball
2-0: Ground out 3-1 (Groundball, 34, EV 105.0 MPH)
Batting: RHB Thomas Anderson 0-0: Called Strike
0-1: Ball
1-1: Called Strike
1-2: Foul Ball, location: 2F
1-2: SINGLE (Flyball, 89S, EV 93.1 MPH)
Batting: SHB Weston Borron 0-0: Called Strike
0-1: Ball
1-1: Ball
2-1: Ball
3-1: Foul Ball, location: 2F
3-2: Strikes out looking
Thomas Anderson steals 2nd base
Batter strikes out.
Batting: RHB Derrick Shannon 0-0: Ball
1-0: Swinging Strike
1-1: Swinging Strike
1-2: Foul Ball, location: 2F
1-2: Ground out 1-3 (Groundball, 34S, EV 63.8 MPH)
Top of the 3rd over - 0 runs, 1 hit, 0 errors, 1 left on base; Bloomington 4 - San Diego 0
BOTTOM OF THE 3RD
San Diego Dolphins batting - Pitching for Bloomington Cardinals : RHP Adair Lunsford
Batting: RHB Blake Glover 0-0: Ball
1-0: DOUBLE (Line Drive, 7LM, EV 104.4 MPH)
Batting: LHB Darik Colvin 0-0: Called Strike
0-1: Ball
1-1: Ball
2-1: Fly out, F7 (Flyball, 7, EV 78.8 MPH)
Batting: RHB Markieff Pila 0-0: Foul Ball, location: 2F
0-1: Called Strike
0-2: Foul Ball, location: 2F
0-2: Ball
1-2: Ball
2-2: Ball
3-2: Foul Ball, location: 2F
3-2: Strikes out swinging
Batting: RHB John Williams 0-0: Ball
1-0: Ground out 2-3 (Groundball, 15S, EV 62.5 MPH)
Bottom of the 3rd over - 0 runs, 1 hit, 0 errors, 1 left on base; Bloomington 4 - San Diego 0
TOP OF THE 4TH
Bloomington Cardinals batting - Pitching for San Diego Dolphins : RHP Cole Hollingsworth
Batting: RHB Davey Eastman 0-0: Ball
1-0: Ball
2-0: Called Strike
2-1: Ball
3-1: Fly out, F6 (Popup, 6MD, EV 58.1 MPH)
Batting: SHB Wade Carter 0-0: Ball
1-0: Called Strike
1-1: Swinging Strike
1-2: Foul Ball, location: 2F
1-2: Ball
2-2: Foul Ball, location: 2F
2-2: Ball
3-2: Ground out 4-3 (Groundball, 4D, EV 101.2 MPH)
Batting: RHB Marlon Anderson 0-0: Called Strike
0-1: Swinging Strike
0-2: Ball
1-2: Ball
2-2: Ball
3-2: SINGLE (Groundball, 56D, EV 95.6 MPH)
Batting: LHB Andy O'Bryan 0-0: Foul Ball, location: 2F
0-1: Called Strike
0-2: Ball
1-2: Foul Ball, location: 2F
1-2: Ball
2-2: Fly out, F7 (Flyball, 7S, EV 95.0 MPH)
Top of the 4th over - 0 runs, 1 hit, 0 errors, 1 left on base; Bloomington 4 - San Diego 0
BOTTOM OF THE 4TH
San Diego Dolphins batting - Pitching for Bloomington Cardinals : RHP Adair Lunsford
Batting: RHB Hunter Cooper 0-0: Called Strike
0-1: Foul Ball, location: 2F
0-2: Strikes out swinging
Batting: RHB Gage Haislip 0-0: Swinging Strike
0-1: Foul Ball, location: 2F
0-2: Strikes out looking
Batting: RHB Cole Segal 0-0: Ball
1-0: Called Strike
1-1: Ball
2-1: Foul Ball, location: 2F
2-2: Foul Ball, location: 2F
2-2: Foul Ball, location: 2F
2-2: Strikes out swinging
Bottom of the 4th over - 0 runs, 0 hits, 0 errors, 0 left on base; Bloomington 4 - San Diego 0
TOP OF THE 5TH
Bloomington Cardinals batting - Pitching for San Diego Dolphins : RHP Cole Hollingsworth
Batting: LHB Kendall Loflin 0-0: Foul Ball, location: 2F
0-1: Ball
1-1: Hit by Pitch
Batting: RHB Mackey Tapia 0-0: Sac Bunt to 13S - play at first, batter safe!
Kendall Loflin to second
Batting: RHB Thomas Anderson 0-0: Ball
1-0: Bunt missed!
1-1: Sac Bunt to 15S - play at first, batter OUT! 1-4
Kendall Loflin to third
Mackey Tapia to second
Batting: SHB Weston Borron 0-0: Ball
1-0: Called Strike
1-1: Ground out 4-3 (Groundball, 4, EV 90.6 MPH)
Kendall Loflin scores
Mackey Tapia to third
Batting: RHB Derrick Shannon 0-0: Called Strike
0-1: Ball
1-1: Swinging Strike
1-2: Strikes out swinging
Top of the 5th over - 1 run, 1 hit, 0 errors, 1 left on base; Bloomington 5 - San Diego 0
BOTTOM OF THE 5TH
San Diego Dolphins batting - Pitching for Bloomington Cardinals : RHP Adair Lunsford
Batting: RHB Keyshawn Murata 0-0: Foul Ball, location: 2F
0-1: Foul Ball, location: 2F
0-2: Ball
1-2: Ball
2-2: Ball
3-2: Strikes out looking
Batting: LHB Alec Akers 0-0: Ball
1-0: Called Strike
1-1: Ground out U3 (Groundball, 34, EV 101.2 MPH)
Batting: RHB Blake Glover 0-0: Called Strike
0-1: Ball
1-1: Foul Ball, location: 2F
1-2: Foul Ball, location: 2F
1-2: Ball
2-2: Strikes out swinging
Bottom of the 5th over - 0 runs, 0 hits, 0 errors, 0 left on base; Bloomington 5 - San Diego 0
TOP OF THE 6TH
Bloomington Cardinals batting - Pitching for San Diego Dolphins : RHP Cole Hollingsworth
Pitching: LHP Garret Vogt
Batting: RHB Davey Eastman 0-0: Foul Ball, location: 2F
0-1: Ball
1-1: Swinging Strike
1-2: Foul Ball, location: 2F
1-2: Foul Ball, location: 2F
1-2: Strikes out looking
Batting: SHB Wade Carter 0-0: Called Strike
0-1: Ground out 6-3 (Groundball, 6, EV 105.0 MPH)
Batting: RHB Marlon Anderson 0-0: Fly out, F8 (Flyball, 8RS, EV 82.5 MPH)
Top of the 6th over - 0 runs, 0 hits, 0 errors, 0 left on base; Bloomington 5 - San Diego 0
BOTTOM OF THE 6TH
San Diego Dolphins batting - Pitching for Bloomington Cardinals : RHP Adair Lunsford
Batting: LHB Darik Colvin 0-0: Ground out 4-3 (Groundball, 4M, EV 101.9 MPH)
Batting: RHB Markieff Pila 0-0: Called Strike
0-1: Ground out 5-3 (Groundball, 56, EV 83.8 MPH)
Batting: RHB John Williams 0-0: Ball
1-0: SINGLE (Groundball, 34D, EV 98.8 MPH)
Batting: RHB Hunter Cooper 0-0: Called Strike
0-1: Called Strike
0-2: Fly out, F8 (Flyball, 8LS, EV 73.1 MPH)
Bottom of the 6th over - 0 runs, 1 hit, 0 errors, 1 left on base; Bloomington 5 - San Diego 0
TOP OF THE 7TH
Bloomington Cardinals batting - Pitching for San Diego Dolphins : LHP Garret Vogt
Batting: LHB Andy O'Bryan 0-0: Ball
1-0: Ball
2-0: Foul Ball, location: 2F
2-1: Ball
3-1: Swinging Strike
3-2: Fly out, F9 (Flyball, 9LS, EV 92.5 MPH)
Batting: LHB Kendall Loflin 0-0: Ball
1-0: Foul Ball, location: 2F
1-1: Ball
2-1: SINGLE (Flyball, 6D, EV 94.4 MPH)
Batting: RHB Mackey Tapia 0-0: Ball
1-0: Grounds into double play, 4-6-3 (Groundball, 34, EV 105.6 MPH)
Top of the 7th over - 0 runs, 1 hit, 0 errors, 0 left on base; Bloomington 5 - San Diego 0
BOTTOM OF THE 7TH
San Diego Dolphins batting - Pitching for Bloomington Cardinals : RHP Adair Lunsford
Pitching: LHP Wayland Pond
Batting: RHB Gage Haislip 0-0: Ball
1-0: Called Strike
1-1: Ball
2-1: Swinging Strike
2-2: Ground out 1-3 (Groundball, 13, EV 71.2 MPH)
Batting: RHB Cole Segal 0-0: Called Strike
0-1: Ball
1-1: Called Strike
1-2: Strikes out looking
Batting: RHB Keyshawn Murata 0-0: Called Strike
0-1: Fly out, F6 (Line Drive, 6, EV 65.6 MPH)
Bottom of the 7th over - 0 runs, 0 hits, 0 errors, 0 left on base; Bloomington 5 - San Diego 0
TOP OF THE 8TH
Bloomington Cardinals batting - Pitching for San Diego Dolphins : LHP Garret Vogt
Batting: RHB Thomas Anderson 0-0: Ball
1-0: Foul Ball, location: 2F
1-1: Foul Ball, location: 2F
1-2: Strikes out swinging
Batting: SHB Weston Borron 0-0: Foul Ball, location: 2F
0-1: Ground out 5-3 (Groundball, 56, EV 80.6 MPH)
Batting: RHB Derrick Shannon 0-0: Swinging Strike
0-1: Called Strike
0-2: Ball
1-2: Foul Ball, location: 2F
1-2: Strikes out swinging
Top of the 8th over - 0 runs, 0 hits, 0 errors, 0 left on base; Bloomington 5 - San Diego 0
BOTTOM OF THE 8TH
San Diego Dolphins batting - Pitching for Bloomington Cardinals : LHP Wayland Pond
Batting: LHB Alec Akers 0-0: Called Strike
0-1: Called Strike
0-2: Strikes out swinging
Batting: RHB Blake Glover 0-0: Ground out 4-3 (Groundball, 4M, EV 99.4 MPH)
Batting: LHB Darik Colvin 0-0: Ball
1-0: Called Strike
1-1: Ball
2-1: Foul Ball, location: 2F
2-2: Foul Ball, location: 2F
2-2: Strikes out swinging
Bottom of the 8th over - 0 runs, 0 hits, 0 errors, 0 left on base; Bloomington 5 - San Diego 0
TOP OF THE 9TH
Bloomington Cardinals batting - Pitching for San Diego Dolphins : LHP Garret Vogt
Batting: RHB Davey Eastman 0-0: Fly out, F9 (Flyball, 89S, EV 74.4 MPH)
Batting: SHB Wade Carter 0-0: Ball
1-0: Ball
2-0: Ball
3-0: Foul Ball, location: 2F
3-1: SINGLE (Groundball, 6MD, EV 110.0 MPH)
Pitching: RHP Brennen Pate
Batting: RHB Marlon Anderson 0-0: Grounds into double play, 4-6-3 (Groundball, 4MD, EV 96.9 MPH)
Top of the 9th over - 0 runs, 1 hit, 0 errors, 0 left on base; Bloomington 5 - San Diego 0
BOTTOM OF THE 9TH
San Diego Dolphins batting - Pitching for Bloomington Cardinals : LHP Wayland Pond
Batting: RHB Markieff Pila 0-0: Ball
1-0: Fly out, F4 (Popup, 4S, EV 82.5 MPH)
Batting: RHB John Williams 0-0: Ball
1-0: SINGLE (Groundball, 6D, EV 110.6 MPH)
Batting: RHB Hunter Cooper 0-0: Ball
1-0: Foul Ball, location: 2F
1-1: Ball
2-1: Grounds into double play, 4-6-3 (Groundball, 34S, EV 91.2 MPH)
Bottom of the 9th over - 0 runs, 1 hit, 0 errors, 0 left on base; Bloomington 5 - San Diego 0
Wednesday, May 1st , 2024 - OOTP Baseball 23.10 Build 110